 Dungeon Crawl Stone Soup version 0.16-a0-2747-g58a9753 (console) character file.

20559 DRTEST1 the Black Belt (level 12, -11/112 HPs)
             Began as a Hill Orc Monk on Nov 26, 2014.
             Was the Champion of Zin.
             Killed from afar by a ynoxinul (31 damage)
             ... with an iron shot
             ... summoned by an orc high priest
             ... on level 4 of the Orcish Mines.
             The game lasted 01:12:47 (19235 turns).

DRTEST1 the Black Belt (Hill Orc Monk)             Turns: 19235, Time: 01:12:47

Health: -11/112    AC: 15    Str: 15    XL:     12   Next: 80%
Magic:  27/27      EV: 14    Int: 10    God:    Zin [******]
Gold:   1830       SH:  0    Dex: 17    Spells: 0 memorised, 11 levels left

rFire  . . .     SeeInvis .       - Unarmed
rCold  . . .     Clarity  .     m - +3 scale mail {MR+}
rNeg   . . .     SustAb   .     (no shield)
rPois  .         Gourm    .     l - +0 helmet
rElec  .         Spirit   .     g - +1 cloak
rCorr  .         Warding  .     k - +0 pair of gloves
rMut   .         Stasis   .     (no boots)
MR     +....                    D - amulet of faith
Stlth  +.........               x - +5 ring of evasion
                                a - +4 ring of slaying

@: short of breath, somewhat resistant to hostile enchantments, very unstealthy
A: no striking features
a: Recite, Vitalisation, Imprison, Sanctuary, Cure All Mutations, Renounce
Religion, Convert to Beogh


You were on level 4 of the Orcish Mines.
You worshipped Zin.
Zin was exalted by your worship.
You were not hungry.

You visited 4 branches of the dungeon, and saw 16 of its levels.
You also visited: Ossuary and Bailey.

You collected 2035 gold pieces.
You spent 60 gold pieces at shops.
You donated 145 gold pieces to Zin.

Inventory:

Hand weapons
 b - a +0 blowgun
Missiles
 j - 9 javelins (quivered)
 v - 9 poisoned needles
 J - 2 throwing nets
Armour
 g - a +1 cloak (worn)
 k - a +0 pair of gloves (worn)
 l - a +0 helmet (worn)
 m - a +3 scale mail of magic resistance (worn)
Jewellery
 a - a +4 ring of slaying (left hand)
 e - a cursed +5 ring of strength {unknown}
 o - an uncursed ring of magical power {unknown}
 r - an uncursed ring of flight {unknown}
 x - a +5 ring of evasion (right hand)
 D - an amulet of faith (around neck)
 R - an uncursed ring of teleport control {unknown}
 T - an uncursed amulet of stasis {unknown}
Magical devices
 f - a wand of invisibility (2)
 p - a wand of paralysis (5)
 C - a wand of lightning (2)
 H - a wand of slowing (15)
 K - a wand of teleportation (6)
 M - a wand of fireball (3)
 O - a wand of disintegration (17)
 X - a wand of lightning (0)
Scrolls
 n - a scroll of remove curse
 q - a scroll of recharging
 s - a scroll of enchant armour
 u - 2 scrolls of amnesia
 F - a scroll of blinking {unknown}
 G - a scroll of enchant weapon {unknown}
 I - a scroll of holy word {unknown}
 Q - a scroll of teleportation
 Y - a scroll of torment {unknown}
Potions
 c - a potion of heal wounds
 h - 4 potions of magic
 i - 2 potions of curing
 z - a potion of cure mutation
 B - 2 potions of restore abilities
 E - 4 potions of flight
 L - a potion of brilliance
Books
 d - a book of Alchemy

   Spells                             Type                      Level
   Sublimation of Blood               Necromancy                   2
   Alistair's Intoxication            Transmutation/Poison         4
   Condensation Shield                Ice                          4
   Petrify                            Transmutation/Earth          4
   Ignite Poison                      Fire/Transmutation           5
   Irradiate                          Conjuration/Transmutation    5
 y - a book of Power

   Spells                             Type                      Level
   Fulminant Prism                    Conjuration/Hexes            4
   Iskenderun's Mystic Blast          Conjuration                  4
   Venom Bolt                         Conjuration/Poison           5
   Bolt of Magma                      Conjuration/Fire/Earth       5
   Iron Shot                          Conjuration/Earth            6
   Orb of Destruction                 Conjuration                  7
 P - a book of the Tempests

   Spells                             Type                      Level
   Static Discharge                   Conjuration/Air              3
   Lightning Bolt                     Conjuration/Air              5
   Fireball                           Conjuration/Fire             5
   Tornado                            Air                          9
   Shatter                            Earth                        9
 U - a book of Hinderance

   Spells                             Type                      Level
   Confusing Touch                    Hexes                        2
   Confuse                            Hexes                        3
   Petrify                            Transmutation/Earth          4
   Leda's Liquefaction                Hexes/Earth                  4
   Metabolic Englaciation             Hexes/Ice                    5
   Summon Mana Viper                  Hexes/Summoning              5
 V - a book of Air

   Spells                             Type                      Level
   Shock                              Conjuration/Air              1
   Swiftness                          Charms/Air                   2
   Repel Missiles                     Charms/Air                   2
   Flight                             Charms/Air                   3
   Static Discharge                   Conjuration/Air              3
   Lightning Bolt                     Conjuration/Air              5
 W - a book of Wizardry

   Spells                             Type                      Level
   Agony                              Necromancy                   5
   Force Lance                        Conjuration/Translocation    4
   Haste                              Charms                       6
   Invisibility                       Hexes                        6
   Spellforged Servitor               Conjuration/Summoning        7
Comestibles
 t - a meat ration
 N - 6 fruits


   Skills:
 - Level 12.1 Fighting
 - Level 6.7 Armour
 + Level 2.9 Dodging
 - Level 1.5 Stealth
 * Level 15.5 Unarmed Combat
 + Level 12.1 Invocations


You had 11 spell levels left.
You didn't know any spells.

Dungeon Overview and Level Annotations

Branches:
Dungeon (10/15)            Temple (1/1) D:6            Lair (1/8) D:9
    Orc (4/4) D:10            Elf (0/3) Orc:4

Altars:
Ashenzari
Cheibriados
Dithmenos
Elyvilon
Fedhas
Gozag
Kikubaaqudgha
Makhleb
Nemelex Xobeh
Okawaru
Qazlal
Ru
Sif Muna
Trog
Vehumet
Xom
Yredelemnul
Zin
The Shining One
Beogh

Shops:
D:10 =   Orc:1 !   Orc:4 =


Message History

The sixfirhy barely misses you.
The orc high priest invokes the aid of Beogh against you.
Something smites you!
* * * LOW HITPOINT WARNING * * *
The sixfirhy closely misses you. The sixfirhy hits you!
* * * LOW HITPOINT WARNING * * *
The sixfirhy shocks you!
* * * LOW HITPOINT WARNING * * *
Drink which item? (? for menu, Esc to quit)
You feel much better. The sixfirhy hits you.
* * * LOW HITPOINT WARNING * * *
The sixfirhy shocks you!
* * * LOW HITPOINT WARNING * * *
The sixfirhy closely misses you.
The orc high priest shouts, "You must be punished!"
The sixfirhy disappears in a puff of smoke!
There is a stone staircase leading up, spattered with blood here.
The orc high priest prays to Beogh.
The ynoxinul gestures at you. The iron shot hits you!
You die...

##.##.....#.#...............
###.....#....4....##)[.....
##.#..#..........#.)...[.
###.......#o......(.....
##.#.#3#4[............
##...#.......#..#[.....
#...#.3.............).) ###
##.##o...............)[ ##.###
##..)[@................
#....###......................
#.....##........#.............
##...##.......................
###)##..##..............>....
#......#........#)..........
##.#...##.#.....#...#.......
####.#####....##..........)
##.##.#...##.............


You could see an ice devil, an orc high priest, a hellwing, a rust devil, a
ynoxinul and an orc priest (dumb).

Vanquished Creatures
  An orc warlord (Orc:4)
  4 orc high priests
  The ghost of tijit the Destroyer, an experienced DrCj of Sif Muna (D:8)
  6 orc knights
  4 orc sorcerers
  Joseph (D:8)
  2 trolls
  The ghost of FishServ the Chopper, an average DDGl (D:4)
  Prince Ribbit (D:6)
  A trapdoor spider zombie (D:9)
  A hungry ghost (D:8)
  A wyvern (D:7)
  4 hippogriffs
  A chaos spawn (Orc:4)
  5 wolves (D:9)
  Menkaure (D:4)
  A warg (Orc:3)
  2 ice beasts (D:10)
  2 sky beasts
  A necrophage (D:8)
  11 ogres
  45 orc warriors
  A crocodile (D:10)
  Sigmund (D:2)
  3 centaurs
  4 giant frogs
  3 scorpions
  3 killer bees (D:7)
  2 crimson imps
  4 electric eels (D:9)
  2 goliath beetles
  A centaur zombie (D:6)
  2 quasits (D:10)
  2 jellies
  2 iguanas
  A giant frog skeleton (D:10)
  22 orc priests
  6 hounds
  44 orc wizards
  10 worker ants
  A centaur skeleton (D:7)
  Ijyb (D:3)
  Jessica (D:2)
  A hound skeleton (D:5)
  Terence (D:2)
  2 mummies (Ossuary)
  2 worker ant zombies
  Robin (D:2)
  7 adders
  5 gnolls
  6 shadow imps
  4 worms
  An ufetubus (Orc:4)
  2 adder skeletons
  An adder zombie (D:9)
  An ooze (D:5)
  203 orcs
  11 giant cockroaches
  18 hobgoblins
  8 jackals
  6 quokkas
  2 ball pythons
  12 bats
  A giant cockroach zombie (D:6)
  6 giant geckos
  A giant gecko skeleton (D:7)
  A giant gecko zombie (D:5)
  6 giant newts
  3 gnoll skeletons (Ossuary)
  7 gnoll zombies (Ossuary)
  23 goblins
  3 goblin skeletons (Ossuary)
  2 goblin zombies (Ossuary)
  3 hobgoblin skeletons (Ossuary)
  2 hobgoblin zombies (Ossuary)
  22 kobolds
  2 kobold skeletons (Ossuary)
  2 kobold zombies (Ossuary)
  2 orc skeletons
  6 orc zombies
  A quokka skeleton (D:6)
  A quokka zombie (D:8)
  23 rats
  A rat skeleton (Ossuary)
  5 rat zombies
630 creatures vanquished.

Vanquished Creatures (others)
  2 mummies (Ossuary)
  An orc (Orc:2)
  A hobgoblin (Orc:2)
  A goblin (D:2)
  3 goblin skeletons (Ossuary)
  A hobgoblin skeleton (Ossuary)
  2 kobold skeletons (Ossuary)
  2 kobold zombies (Ossuary)
  4 orc skeletons (Ossuary)
  2 orc zombies (Ossuary)
  2 rat skeletons (Ossuary)
  2 pillars of salt (Orc:4)
23 creatures vanquished.

Grand Total: 653 creatures vanquished

Notes
Turn   | Place    | Note
--------------------------------------------------------------
     0 | D:1      | DRTEST1, the Hill Orc Monk, began the quest for the Orb.
     0 | D:1      | Reached XP level 1. HP: 19/19 MP: 1/1
   285 | D:1      | Reached XP level 2. HP: 16/26 MP: 2/2
   444 | D:1      | Reached skill level 5 in Unarmed Combat
   994 | D:1      | Reached XP level 3. HP: 29/31 MP: 3/3
  1144 | D:2      | Noticed Jessica
  1157 | D:2      | Killed Jessica
  1180 | D:2      | Reached skill level 6 in Unarmed Combat
  1180 | D:2      | Reached XP level 4. HP: 39/39 MP: 4/4
  1364 | D:2      | Noticed Robin
  1390 | D:2      | Killed Robin
  1603 | D:2      | Noticed Terence
  1626 | D:2      | Killed Terence
  1743 | D:2      | Noticed Sigmund
  2243 | D:2      | Reached XP level 5. HP: 43/45 MP: 5/5
  2923 | D:2      | Killed Sigmund
  2923 | D:2      | Reached skill level 7 in Unarmed Combat
  3494 | D:3      | Noticed Ijyb
  3542 | D:3      | Killed Ijyb
  3542 | D:3      | Reached XP level 6. HP: 47/51 MP: 6/6
  3588 | D:3      | Reached skill level 8 in Unarmed Combat
  3860 | D:4      | Noticed Menkaure
  3866 | D:4      | Killed Menkaure
  3866 | D:4      | Reached XP level 7. HP: 30/57 MP: 7/7
  4005 | D:4      | Reached skill level 9 in Unarmed Combat
  4564 | D:4      | Noticed FishServ's ghost (average DDGl)
  4575 | D:4      | Killed FishServ's ghost
  4575 | D:4      | Reached skill level 10 in Unarmed Combat
  4678 | D:4      | Found a basalt altar of Yredelemnul.
  4874 | D:5      | Entered Level 5 of the Dungeon
  5073 | D:5      | Found a deep blue altar of Sif Muna.
  5114 | D:5      | Found a blossoming altar of Fedhas.
  5161 | D:5      | Reached skill level 1 in Armour
  5255 | D:5      | Reached XP level 8. HP: 62/66 MP: 8/8
  5419 | D:5      | Reached skill level 5 in Fighting
  5673 | D:6      | Found a staircase to the Ecumenical Temple.
  5713 | Temple   | Entered the Ecumenical Temple
  5832 | Temple   | Became a worshipper of Zin the Law-Giver
  5832 | Temple   | Acquired Zin's first power
  5832 | Temple   | Acquired Zin's second power
  5832 | Temple   | Acquired Zin's third power
  6001 | D:6      | Reached skill level 1 in Invocations
  6187 | D:6      | Noticed Prince Ribbit
  6595 | D:6      | Killed Prince Ribbit
  7033 | D:7      | Reached XP level 9. HP: 67/79 MP: 14/14
  7652 | D:7      | Reached skill level 5 in Invocations
  7784 | D:8      | Reached skill level 5 in Armour
  7800 | D:8      | chequers: sorry dude would you quit out for 5mins? need to do emer maint
  7800 | D:8      | ok
  7829 | D:8      | Found a sand-covered staircase.
  7862 | Ossuary  | Entered an ossuary
  8016 | Ossuary  | Acquired Zin's fourth power
  8233 | D:8      | Found a flagged portal.
  8246 | Bailey   | Entered a bailey
  8252 | Bailey   | Noticed an orc knight
  8270 | Bailey   | Noticed flyweight's ghost (powerful FoFi)
  8330 | Bailey   | Noticed Fiveotanaka's ghost (experienced TrMo)
  8765 | D:8      | Noticed Joseph
  8788 | D:8      | Killed Joseph
  8788 | D:8      | Reached XP level 10. HP: 68/92 MP: 18/20
  8966 | D:8      | Noticed tijit's ghost (experienced DrCj)
  8984 | D:8      | Killed tijit's ghost
  8984 | D:8      | Reached skill level 10 in Fighting
  8984 | D:8      | Reached skill level 11 in Unarmed Combat
  9958 | D:9      | Reached skill level 12 in Unarmed Combat
 10499 | D:9      | Found a staircase to the Lair.
 11113 | D:10     | Entered Level 10 of the Dungeon
 11134 | Lair:1   | Entered Level 1 of the Lair of Beasts
 11330 | D:10     | Reached XP level 11. HP: 84/101 MP: 23/23
 11430 | D:10     | Found Caumav's Jewellery Shoppe.
 11937 | D:10     | Found a staircase to the Orcish Mines.
 12384 | Orc:1    | Entered Level 1 of the Orcish Mines
 12397 | Orc:1    | Reached skill level 13 in Unarmed Combat
 12852 | Orc:2    | Found a bloodstained altar of Trog.
 12856 | Orc:2    | Noticed an orc warlord
 13661 | Orc:2    | Noticed an orc knight
 13943 | Orc:2    | Killed an orc knight
 14037 | Orc:2    | Reached skill level 10 in Invocations
 14054 | Orc:2    | Noticed an orc high priest
 14058 | Orc:2    | Found a roughly hewn altar of Beogh.
 14069 | Orc:2    | Killed an orc high priest
 14324 | Orc:2    | Noticed an orc knight
 14338 | Orc:2    | Killed an orc knight
 14423 | Orc:2    | Reached skill level 14 in Unarmed Combat
 14427 | Orc:2    | Upgraded the game from 0.16-a0-2746-gec9f0a1 to 0.16-a0-2747-g58a9753
 14574 | Orc:1    | Found Regageec's Distillery.
 14594 | Orc:1    | Bought a potion of heal wounds for 60 gold pieces
 15288 | Orc:3    | Noticed an orc knight
 15934 | Orc:3    | Reached XP level 12. HP: 107/112 MP: 26/26
 16576 | Orc:3    | Killed an orc knight
 16676 | Orc:4    | Entered Level 4 of the Orcish Mines
 16771 | Orc:4    | Noticed an orc high priest
 17003 | Orc:4    | Killed an orc high priest
 17037 | Orc:4    | Found Ymmaece's Jewellery Boutique.
 17056 | Orc:4    | Found a staircase to the Elven Halls.
 17268 | Orc:4    | Noticed an orc warlord
 17278 | Orc:4    | Killed an orc warlord
 17870 | Orc:4    | Noticed an orc high priest
 17871 | Orc:4    | Noticed an orc high priest
 17980 | Orc:3    | Reached skill level 15 in Unarmed Combat
 18285 | Orc:3    | Killed an orc high priest
 18328 | Orc:3    | Killed an orc high priest
 18821 | Orc:4    | Paralysed by an orc sorcerer for 3 turns
 19206 | Orc:4    | Noticed an orc high priest
 19235 | Orc:4    | Killed from afar by a ynoxinul

Action                   |  1- 3 |  4- 6 |  7- 9 | 10-12 || total
-------------------------+-------+-------+-------+-------++-------
Melee: Unarmed           |   109 |   229 |   514 |   926 ||  1778
 Fire: Blowgun           |       |       |    17 |    19 ||    36
Throw: Javelin           |       |    23 |     4 |       ||    27
Invok: Vitalisation      |       |       |     5 |    10 ||    15
       Recite            |       |       |    10 |    49 ||    59
       Imprison          |       |       |       |     3 ||     3
  Use: Potion            |       |       |     7 |     1 ||     8
       Scroll            |       |       |    13 |     8 ||    21
 Stab: Sleeping          |     1 |       |       |       ||     1
       Paralysed         |       |       |     1 |    40 ||    41
       Invisible         |       |       |     1 |    23 ||    24
       Confused          |       |       |       |     5 ||     5
  Eat: Chunk             |     1 |     4 |     7 |     9 ||    21
       Meat ration       |       |     1 |       |     2 ||     3
       Bread ration      |       |       |     2 |     3 ||     5
       Pizza             |       |       |       |     1 ||     1
